 Dungeon Crawl Stone Soup version 0.28-a0-1143-gcf6077d4cc (webtiles) character file.

Game seed: 7385740921163137638

92 leviel the Chopper (level 4, -6/40 HPs)
             Began as a Hill Orc Fighter on Dec 13, 2021.
             Killed by nerve-wracking pain
             ... invoked by an orc priest
              (8 damage)
             ... on level 3 of the Dungeon.
             The game lasted 00:01:39 (1565 turns).

leviel the Chopper (Hill Orc Fighter)               Turns: 1565, Time: 00:01:40

Health: -6/40      AC:  7    Str: 20    XL:     4   Next: 60%
Magic:  4/4        EV:  9    Int:  8    God:
Gold:   103        SH:  4    Dex: 10    Spells: 3/3 levels left

rFire   . . .      SeeInvis .   a - +0 war axe
rCold   . . .      Faith    .   c - +0 buckler
rNeg    . . .      Spirit   .   b - +0 scale mail
rPois   .          Reflect  .   (no helmet)
rElec   .          Harm     .   (no cloak)
rCorr   .          Rampage  .   (no gloves)
Will    .....                   (no boots)
Stlth   ..........              (no amulet)
HPRegen 0.13/turn               (no ring)
MPRegen 0.09/turn               (no ring)

@: no status effects
A: no striking features
a: Convert to Beogh


You were on level 3 of the Dungeon.
You visited 1 branch of the dungeon, and saw 3 of its levels.

You collected 103 gold pieces.

Inventory:

Hand Weapons
 a - a +0 war axe (weapon)
Armour
 b - a +0 scale mail (worn)
 c - a +0 buckler (worn)
Jewellery
 i - a ring of positive energy
Potions
 d - a potion of might
 f - 2 potions of curing
 g - a potion of heal wounds {unknown}
 h - 2 potions of mutation {unknown}
 k - a potion of brilliance {unknown}
 l - 2 potions of ambrosia {unknown}


   Skills:
 + Level 4.2 Fighting
 * Level 4.4 Axes
 + Level 3.9 Armour
 + Level 3.8 Shields


You had 3 spell levels left.
You didn't know any spells.
Your spell library contained the following spells:

 Spells                   Type           Power      Damage    Failure   Level
 Sandblast                Erth           0%         2d4       77%         1
 Passwall                 Tmut/Erth      0%         N/A       88%         2
 Stone Arrow              Conj/Erth      0%         3d7       98%         3
 Chain Lightning          Conj/Air       0%         N/A       100%        9
 Fire Storm               Conj/Fire      0%         5d1       100%        9
 Shatter                  Erth           0%         3d5*      100%        9


Dungeon Overview and Level Annotations

Branches:
Dungeon (3/15)

Altars:

Shops:
D:2 (


Message History

The orc is moderately wounded.
The orc barely misses you.
You hit the orc but do no damage.
The orc is moderately wounded.
The orc closely misses you. The orc hits you but does no damage.
You barely miss the orc.
The orc is moderately wounded.
The orc priest calls upon Beogh to heal the orc.
The orc's wounds heal themselves!
The orc barely misses you.
The orc priest shouts, "Surrender to Beogh and we'll let you live!"
You slash the orc!
You kill the orc!
You barely miss the orc priest. You block the orc priest's attack.
You closely miss the orc priest.
The orc priest hits you with a +0 dagger.
* * * LOW HITPOINT WARNING * * *
The orc priest looks satisfied for a moment.
You hit the orc priest.
The orc priest is lightly wounded.
The orc priest hits you but does no damage.
You hit the orc priest.
The orc priest is heavily wounded.
The orc priest threatens, "By the altar or by the axe, you will meet Beogh!"
The orc priest hits you but does no damage.
You barely miss the orc priest.
The orc priest is heavily wounded.
The orc priest misses you.
You closely miss the orc priest.
The orc priest is heavily wounded.
The orc priest shouts, "Beogh is our master!
Accept the truth or die!"
You block the orc priest's attack. The orc priest closely misses you.
You closely miss the orc priest.
The orc priest is heavily wounded.
The orc priest hits you with a +0 dagger.
* * * LOW HITPOINT WARNING * * *
You barely miss the orc priest.
The orc priest is heavily wounded.
The orc priest calls down the wrath of Beogh upon you.
Pain shoots through your body!
You die...

##+# ##...## #
##.....## .#
##.......## #.#
#.........####..#
+.........'.....#
#.........##)#.....
#.......###@# ...
##.....## #o# .
##...## #.# ##'##
#.# #.# #.# #.# #..
##.## ###
##...#####
#<.......#


You could see an orc priest.

Vanquished Creatures
  An orc wizard (D:3)
  3 dart slugs
  8 orcs (D:3)
  A ball python (D:1)
  2 bats (D:2)
  4 endoplasms
  3 giant cockroaches
  7 goblins
  4 hobgoblins
  2 quokkas
  4 frilled lizards (D:1)
  6 kobolds
  4 rats
49 creatures vanquished.

Notes
Turn   | Place    | Note
-------+----------+-------------------------------------------
     0 | D:1      | leviel the Hill Orc Fighter began the quest for the Orb.
     0 | D:1      | Reached XP level 1. HP: 19/19 MP: 1/1
   228 | D:1      | Reached XP level 2. HP: 23/27 MP: 2/2
   573 | D:1      | Reached XP level 3. HP: 33/33 MP: 3/3
   995 | D:2      | Found a faded altar of an unknown god.
  1462 | D:2      | Found Curgho's Antique Weapon Emporium.
  1537 | D:3      | Reached XP level 4. HP: 35/40 MP: 4/4
  1564 | D:3      | HP: 2/40 [orc priest (3)]
  1565 | D:3      | Killed from afar by an orc priest

Illustrated notes

Levels and vault maps discovered:
D:1:      scummos_arrival_hexagon, layout_loops_ring, minmay_tetromino_l4
D:2:      layout_rooms, serial_shops, nicolae_shop_waterfront,
          shapermc_ecumenical_altar_totnotflames,
          hangedman_abyss_or_decor_lesser_grid
D:3:      layout_loops_corners, evilmike_ruin_ashenzari, kennysheep_boxes,
          uniq_robin, uniq_natasha

Skill      XL: |  1  2  3 |
---------------+----------+-----
Axes           | 3 4 |  4.4
Fighting       | 4 |  4.2
Armour         | |  3.9
Shields        | |  3.8

Action                   |  1- 3 |  4- 6 || total
-------------------------+-------+-------++-------
Melee: War axe           |   111 |    29 ||   140
  Use: Scroll            |     4 |       ||     4
Armor: Scale mail        |    49 |    11 ||    60
Dodge: Dodged            |    38 |     7 ||    45
Block: Buckler           |    30 |     3 ||    33

Table legend: (Time is in decaauts)
 A = Elapsed time spent in this place.
 B = Non-inter-level travel time spent in this place.
 C = Inter-level travel time spent in this place.
 D = Time resting spent in this place.
 E = Time spent auto-exploring this place.
 F = Levels seen in this place.
 G = Mean time per level.
                   A        B        C        D        E       F      G
               +--------+--------+--------+--------+--------+-----+--------+
         Total |   1610 |   1557 |     53 |      0 |   1237 |   3 |  536.7 |
       Dungeon |   1610 |   1557 |     53 |      0 |   1237 |   3 |  536.7 |
               +--------+--------+--------+--------+--------+-----+--------+

Top non-repeatable levels by time:
     D:1: 967 daAuts
     D:2: 570 daAuts
     D:3: 72 daAuts
